 Dungeon Crawl Stone Soup version 0.20.1-1-g8b1a95d (webtiles) character file.

115 dohliylev the Stinger (level 5, 0/31 HPs)
             Began as an Octopode Venom Mage on Jan 1, 2018.
             Slain by an orc
             ... wielding a +0 trident
              (4 damage)
             ... on level 3 of the Dungeon.
             The game lasted 00:12:50 (2400 turns).

dohliylev the Stinger (Octopode Venom Mage)         Turns: 2400, Time: 00:12:51

Health: 0/31       AC:  1    Str:  8    XL:     5   Next: 0%
Magic:  2/9        EV: 13    Int: 18    God:
Gold:   105        SH:  0    Dex: 12    Spells: 6/10 levels left

rFire    . . .     SeeInvis .   s - staff of death (curse)
rCold    . . .     Gourm    .   (no shield)
rNeg     + + .     Faith    .   (helmet restricted)
rPois    .         Spirit   .   (no amulet)
rElec    .         Reflect  .   g - ring of flight
rCorr    .         Harm     .   n - ring of positive energy
MR       .....                  (no ring)
Stlth    ++........             (no ring)
Regen    0.1/turn               (no ring)
MPRegen  0.2/turn               (no ring)
                                (no ring)
                                (no ring)

@: confused, very slightly contaminated
A: almost no armour, stealthy swim, amphibious, 8 rings, constrict 8, camouflage
1, gelatinous body 1
a: Evoke Flight


You were on level 3 of the Dungeon.
You were not hungry.

You visited 1 branch of the dungeon, and saw 3 of its levels.

You collected 105 gold pieces.

Inventory:

Hand Weapons
 f - a +0 dagger
 p - a +0 dagger
Magical Staves
 s - a cursed staff of death (weapon)
Jewellery
 g - a ring of flight (left tentacle)
 n - a ring of positive energy (right tentacle)
Scrolls
 c - 3 scrolls of magic mapping {unknown}
 e - a scroll of enchant armour {unknown}
 i - 3 scrolls of identify {unknown}
 j - a scroll of amnesia {unknown}
 m - a scroll of fear {unknown}
 o - a scroll of fog {unknown}
Potions
 d - a potion of brilliance {unknown}
 h - a potion of cancellation {unknown}
 k - a potion of lignification {unknown}
 q - a potion of curing {unknown}
Books
 a - a Young Poisoner's Handbook

   Spells                             Type                      Level
   a - Sting                          Conjuration/Poison           1
   b - Poisonous Vapours              Poison/Air                   2
   c - Mephitic Cloud                 Conjuration/Poison/Air       3
   d - Olgreb's Toxic Radiance        Poison                       4
   e - Venom Bolt                     Conjuration/Poison           5
Comestibles
 b - 3 bread rations
 l - 4 chunks of flesh
 r - 2 fruits


   Skills:
 + Level 2.2 Dodging
 + Level 3.5 Stealth
 + Level 3.0 Spellcasting
 + Level 2.0 Conjurations
 + Level 4.7 Poison Magic


You had 6 spell levels left.
You knew the following spells:

 Your Spells              Type           Power        Failure   Level  Hunger
a - Sting                 Conj/Pois      ##..         4%          1    None
b - Mephitic Cloud        Conj/Pois/Air  ##......     19%         3    ###....


Dungeon Overview and Level Annotations

Branches:
Dungeon (3/15)

Altars:
Ashenzari
Elyvilon


Innate Abilities, Weirdness & Mutations

You cannot wear most types of armour.
You are very stealthy in the water. (Stealth+)
You are amphibious.
You can wear up to eight rings at the same time.
You can use your tentacles to constrict eight enemies at once.
Your skin changes colour to match your surroundings (Stealth+).
Your rubbery body absorbs attacks. (AC +1, EV +1)


Message History

Aiming: Mephitic Cloud
Press: ? - help, Shift-Dir - straight line, f/p - orc
Aim: an orc, wielding a trident and wearing a chain mail That beam is likely to hit you.
Continue anyway?
The ball explodes into a vile cloud!
The stinking cloud engulfs you!
The stinking cloud engulfs the orc priest.
You are engulfed in noxious fumes.
You choke on the stench!
You are confused.
* * * LOW HITPOINT WARNING * * *
You hear a shout!
The orc priest is engulfed in noxious fumes.
The orc priest appears confused.
The orc closely misses you.
You are engulfed in noxious fumes.
You choke on the stench!
You are more confused.
* * * LOW HITPOINT WARNING * * *
The orc hits you from afar with a trident.
* * * LOW HITPOINT WARNING * * *
You bump into the rock wall.
The orc hits you from afar with a trident.
You die...

#o############
#oo...†o((...#
#######§####.#
#######
#@..###.#
#.....#
#.#.o##.#
#.....#
#....##.# # #
#.....#
##.#.##.# .#.
#.....#
#......# #.#
#.....#
###.####
#.#######.###
#.#
.....####.####
#.#
#.##.#.......#
#.#


You could see an orc priest (confused) and an orc.

Vanquished Creatures
  2 adders (D:3)
  2 oozes (D:1)
  4 worms
  4 dart slugs (D:1)
  2 leopard geckos (D:3)
  7 bats
  5 giant cockroaches
  4 goblins
  7 hobgoblins
  9 kobolds
  2 quokkas
  2 ball pythons
  3 frilled lizards
  A quokka skeleton (D:3)
  10 rats
64 creatures vanquished.

Notes
Turn   | Place    | Note
-------+----------+-------------------------------------------
     0 | D:1      | dohliylev the Octopode Venom Mage began the quest for the Orb.
     0 | D:1      | Reached XP level 1. HP: 11/11 MP: 3/3
   141 | D:1      | Reached XP level 2. HP: 12/17 MP: 0/5
   328 | D:1      | Reached skill level 4 in Poison Magic
   600 | D:1      | Reached XP level 3. HP: 21/21 MP: 6/6
  1412 | D:2      | Learned a level 3 spell: Mephitic Cloud
  1479 | D:2      | Reached XP level 4. HP: 9/27 MP: 2/7
  1615 | D:2      | Found a white marble altar of Elyvilon.
  2023 | D:3      | Found a shattered altar of Ashenzari.
  2387 | D:3      | Reached XP level 5. HP: 18/31 MP: 9/9
  2400 | D:3      | Slain by an orc

Skill      XL: |  1  2  3  4 |
---------------+-------------+-----
Poison Magic   | 4 |  4.7
Stealth        | 3 |  3.5
Spellcasting   | 3 |  3.0
Conjurations   | 2 |  2.0
Dodging        | |  2.2

Action                   |  1- 3 |  4- 6 || total
-------------------------+-------+-------++-------
Melee: Unarmed           |     8 |       ||     8
       Tentacles         |     9 |     4 ||    13
       Dagger            |    43 |    16 ||    59
       Constrict         |    11 |     5 ||    16
       Staff             |       |     6 ||     6
 Cast: Sting             |    39 |    43 ||    82
       Mephitic Cloud    |     1 |     1 ||     2
 Stab: Sleeping          |     8 |    11 ||    19
  Eat: Chunk             |     2 |     3 ||     5
Armor: Skin              |     4 |     4 ||     8
Dodge: Dodged            |    22 |    14 ||    36
